 Dungeon Sprint DCSS version 0.21.1-1-g345015f (webtiles) character file.

3200000 Fang the Axe Maniac (level 21, -40/224 HPs)
             Began as a Minotaur Gladiator on May 3, 2018.
             Was the Champion of Makhleb.
             Annihilated by a destroyer
             ... wielding a +9 great sword of slicing
              (149 damage)
             ... in the Dungeon (Sprint VIII: "Arena of Blood") on May 4, 2018.
             The game lasted 00:00:59 (32 turns).

Fang the Axe Maniac (Minotaur Gladiator)              Turns: 32, Time: 00:01:00

Health: -40/224    AC:  6    Str: 27    XL:     21   Next: 69%
Magic:  19/48      EV: 31    Int:  5    God:    Makhleb [******]
Gold:   0          SH:  0    Dex: 14    Spells: 68/68 levels left

rFire    . . .     SeeInvis .   l - +∞ Axe of Woe
rCold    . . .     Gourm    .   (shield currently unavailable)
rNeg     . . .     Faith    .   b - +0 leather armour
rPois    .         Spirit   .   c - +0 hat
rElec    .         Reflect  .   (no cloak)
rCorr    .         Harm     .   (no gloves)
MR       +....     NoTele   +   (no boots)
Stlth    +++++++++.             (no amulet)
HPRegen  0.47/turn              (no ring)
MPRegen  0.31/turn              (no ring)

@: no status effects
A: retaliatory headbutt, horns 2
a: Minor Destruction, Lesser Servant of Makhleb, Major Destruction, Greater
Servant of Makhleb, Renounce Religion


You were in the Dungeon.
You worshipped Makhleb.
Makhleb was exalted by your worship.
You were not hungry.

You visited 1 branch

Inventory:

Hand Weapons
 a - a +0 war axe
 l - the +∞ Axe of Woe (weapon)
   (You found it in the Dungeon)
Missiles
 d - 3 throwing nets (quivered)
Armour
 b - a +0 leather armour (worn)
 c - a +0 hat (worn)
Scrolls
 k - a scroll of blinking
Potions
 e - a potion of curing
 g - a potion of heal wounds
 h - a potion of haste
 i - 2 potions of magic
 j - a potion of berserk rage
Comestibles
 f - a ration


   Skills:
 O Level 27 Fighting
 O Level 27 Axes
 O Level 27 Throwing
 O Level 27 Armour
 O Level 27 Dodging
 O Level 27 Stealth
 O Level 27 Unarmed Combat
 + Level 24.4 Spellcasting
 O Level 27 Invocations


You had 68 spell levels left.
You didn't know any spells.

Dungeon Overview and Level Annotations

Branches:
Dungeon (1/1)

Altars:
Makhleb


Innate Abilities, Weirdness & Mutations

You reflexively headbutt those who attack you in melee.
You have a pair of horns on your head.


Message History

You chop the large bag of meat into pieces.
The large bag of meat explodes!
The fiery explosion engulfs the destroyer.
The fiery explosion engulfs you! Makhleb accepts your kill.
You feel better.
Your Spellcasting skill gained 3 levels and is now at level 24!
You are engulfed in blazing flames.
You hear a shout! x7
The destroyer is engulfed in blazing flames.
The destroyer blinks!
You hear a shout! x2
A bag of meat comes into view. It is wielding a +9 war axe.
An orc and an ogre come into view.
You are engulfed in blazing flames.
You hear a shout! x6
The destroyer is engulfed in blazing flames.
The destroyer hits you with a +9 great sword of slicing!!!!!
Ouch! That really hurt!
You die... o.... o. #o.. oo#

. #... ..#
..O###... ..###.
........###o%..O.
#.. ....._....O.
.... #.%§§§#
..... #_.@V_# .
......#.)§§O#....
#.....))._o......
......))###......
...###... o.###.
.. #.... ..#
#....o .#
.........
...........


You could see a destroyer, a large bag of meat (inner flame), 3 meat berserkers
and 7 bags of meat.

Vanquished Creatures
  2 vampire knights (D)
  7 ogres (D)
  A two-headed ogre (D)
  14 orcs (D)
24 creatures vanquished.

Notes
Turn   | Place    | Note
-------+----------+-------------------------------------------
     0 | D        | Found the +∞ Axe of Woe
     0 | D        | Fang the Minotaur Gladiator began the quest for the Orb.
     0 | D        | Reached XP level 1. HP: 18/18 MP: 0/0
     3 | D        | Noticed a bag of meat
     4 | D        | Became a worshipper of Makhleb the Destroyer
     5 | D        | Noticed a meat berserker
     6 | D        | Noticed a bag of meat
     6 | D        | Killed a meat berserker
     6 | D        | Reached XP level 2. HP: 45/45 MP: 1/1
     6 | D        | Reached XP level 3. HP: 51/51 MP: 2/2
     6 | D        | Reached XP level 4. HP: 59/59 MP: 3/3
     6 | D        | Reached XP level 5. HP: 66/66 MP: 4/4
     6 | D        | Reached XP level 6. HP: 73/73 MP: 5/5
     6 | D        | Reached XP level 7. HP: 80/80 MP: 6/6
     6 | D        | Reached XP level 8. HP: 88/88 MP: 7/7
     6 | D        | Reached XP level 9. HP: 94/94 MP: 8/8
     6 | D        | Reached XP level 10. HP: 102/102 MP: 9/9
     6 | D        | Reached XP level 11. HP: 108/108 MP: 10/10
     6 | D        | Reached XP level 12. HP: 116/116 MP: 11/11
     6 | D        | Reached XP level 13. HP: 123/123 MP: 12/12
     8 | D        | Noticed a bag of meat
     9 | D        | Noticed a bag of meat
     9 | D        | Noticed a bag of meat
    10 | D        | Noticed a bag of meat
    10 | D        | Noticed a bag of meat
    10 | D        | Noticed a bag of meat
    10 | D        | Killed a bag of meat
    10 | D        | Reached * piety under Makhleb
    10 | D        | Reached skill level 15 in Fighting
    10 | D        | Killed a bag of meat
    10 | D        | Reached skill level 27 in Axes
    10 | D        | Reached XP level 14. HP: 137/137 MP: 13/13
    11 | D        | Noticed a meat berserker
    12 | D        | Noticed a bag of meat
    12 | D        | Killed a bag of meat
    12 | D        | Reached skill level 1 in Armour
    13 | D        | Noticed a bag of meat
    13 | D        | Noticed a bag of meat
    14 | D        | Noticed a meat berserker
    14 | D        | Noticed a meat berserker
    14 | D        | Killed a meat berserker
    14 | D        | Reached ** piety under Makhleb
    14 | D        | Reached skill level 27 in Dodging
    14 | D        | Reached XP level 15. HP: 129/160 MP: 14/14
    15 | D        | Noticed a meat berserker
    16 | D        | Reached skill level 5 in Armour
    17 | D        | Reached XP level 16. HP: 180/180 MP: 15/15
    18 | D        | Noticed a meat berserker
    18 | D        | Killed a meat berserker
    18 | D        | Reached *** piety under Makhleb
    18 | D        | Reached skill level 27 in Fighting
    18 | D        | Reached skill level 10 in Armour
    19 | D        | Reached skill level 27 in Throwing
    19 | D        | Reached XP level 17. HP: 191/191 MP: 16/16
    20 | D        | Noticed a meat berserker
    20 | D        | Killed a meat berserker
    21 | D        | Killed a meat berserker
    21 | D        | Reached **** piety under Makhleb
    21 | D        | Reached skill level 27 in Armour
    21 | D        | Reached XP level 18. HP: 200/200 MP: 17/17
    21 | D        | Reached skill level 15 in Unarmed Combat
    21 | D        | Reached skill level 10 in Spellcasting
    21 | D        | Noticed a destroyer
    22 | D        | Noticed a large bag of meat
    22 | D        | Killed a meat berserker
    22 | D        | Reached skill level 15 in Stealth
    22 | D        | Reached XP level 19. HP: 207/207 MP: 17/34
    24 | D        | Killed a meat berserker
    24 | D        | Reached ***** piety under Makhleb
    25 | D        | Reached skill level 15 in Spellcasting
    26 | D        | Noticed a large bag of meat
    26 | D        | Killed a destroyer
    26 | D        | Reached XP level 20. HP: 216/216 MP: 17/39
    27 | D        | Noticed a destroyer
    27 | D        | Noticed a destroyer
    30 | D        | Noticed a large bag of meat
    31 | D        | Killed a destroyer
    31 | D        | Reached skill level 27 in Stealth
    31 | D        | Reached XP level 21. HP: 81/224 MP: 18/42
    31 | D        | Reached ****** piety under Makhleb
    31 | D        | Reached skill level 27 in Unarmed Combat
    31 | D        | Reached skill level 27 in Invocations
    31 | D        | Killed a large bag of meat
    32 | D        | Annihilated by a destroyer

Skill      XL: |  1  2  3  4  5  6  7  8  9 10 11 12 13 14 15 16 17 18 19 20 21 |
---------------+----------------------------------------------------------------+-----
Fighting       | 13 16 22 25 27 | 27.0
Axes           | 23 27 | 27.0
Throwing       | 11 13 18 22 27 | 27.0
Dodging        | 21 24 27 | 27.0
Armour         | 3 6 17 27 | 27.0
Stealth        | 15 20 27 | 27.0
Unarmed Combat | 18 24 26 27 | 27.0
Spellcasting   | 12 16 18 24 | 24.4
Invocations    | 16 22 24 27 | 27.0

Action                   |  1- 3 |  4- 6 |  7- 9 | 10-12 | 13-15 | 16-18 | 19-21 || total
-------------------------+-------+-------+-------+-------+-------+-------+-------++-------
Melee: Executioner's axe |     1 |       |       |       |     5 |     5 |     7 ||    18
Dodge: Dodged            |       |       |       |       |     2 |       |       ||     2
